 Dungeon Crawl Stone Soup version 0.23.2-33-g5129a83184 (webtiles) character file.

Game seed: 17934796466579155015

149 BorisKarlOrff the Skirmisher (level 5, -1/48 HPs)
             Began as a Minotaur Chaos Knight on June 29, 2019.
             Was a Plaything of Xom.
             Killed from afar by a smoke demon (22 damage)
             ... with a ball of steam
             ... summoned by Xom
             ... on level 2 of the Dungeon.
             The game lasted 00:02:39 (926 turns).

BorisKarlOrff the Skirmisher (Minotaur Chaos Knight) Turns: 926, Time: 00:02:40

Health: -1/48      AC:  5    Str: 16    XL:     5   Next: 9%
Magic:  4/4        EV: 11    Int:  9    God:    Xom [*.....]
Gold:   45         SH:  0    Dex: 11    Spells: 4/4 levels left

rFire    . . .     SeeInvis .   a - +0 spear (chaos)
rCold    + . .     Gourm    .   (no shield)
rNeg     . . .     Faith    .   b - +2 leather armour
rPois    .         Spirit   .   (helmet restricted)
rElec    .         Reflect  +   (no cloak)
rCorr    .         Harm     .   (no gloves)
MR       .....                  (no boots)
Stlth    +.........             d - +2 amulet of reflection
HPRegen  0.16/turn              j - ring of protection from cold
MPRegen  0.09/turn              (no ring)

@: confused
A: retaliatory headbutt, horns 2
a: Renounce Religion


You were on level 2 of the Dungeon.
You worshipped Xom.
You were a special plaything of Xom.
You were not hungry.

You visited 1 branch of the dungeon, and saw 2 of its levels.

You collected 45 gold pieces.

Inventory:

Hand Weapons
 a - a +0 spear of chaos (weapon)
Armour
 b - a +2 leather armour (worn)
Jewellery
 d - a +2 amulet of reflection (around neck)
 j - a ring of protection from cold (left hand)
Scrolls
 e - a scroll of identify {unknown}
 f - a scroll of enchant weapon {unknown}
 g - 2 scrolls of remove curse {unknown}
 i - a scroll of blinking {unknown}
Comestibles
 c - a ration


   Skills:
 + Level 5.5 Fighting
 + Level 4.9 Polearms
 + Level 3.1 Armour
 + Level 1.5 Dodging
 + Level 0.5 Stealth


You had 4 spell levels left.
You didn't know any spells.
Your spell library was empty.

Dungeon Overview and Level Annotations

Branches:
Dungeon (2/15)

Altars:
The Shining One


Innate Abilities, Weirdness & Mutations

You reflexively headbutt those who attack you in melee.
You have a pair of horns on your head.


Message History

You are confused.
You feel invigorated. The smoke demon closely misses you.
The smoke demon misses you. The smoke demon barely misses you.
You hit the smoke demon but do no damage.
You closely miss the smoke demon.
You headbutt the smoke demon, but do no damage.
The smoke demon hits you. The smoke demon barely misses you.
The smoke demon hits you but does no damage.
You bump into the rock wall.
The smoke demon barely misses you. The smoke demon hits you. x2
You bump into the rock wall.
The smoke demon gestures at you. The ball of steam hits you!!
You're too confused!
The smoke demon gestures at you. Xom smites you!
The smoke demon gestures at you. The ball of steam hits you!!
You die... "Huh?
Did I miss anything?"

###....
#.....#
#.#...#
#.#...# #
#.##..# #.
##.....#
#.#
†......#
..#
######.#
#.## #.###
#@# # #...#
#§# # ###.#
##§# #
#.##.###3.#
# #.#
#...#.# #.#
#####.# #.#
#.# #.# #.#
#.# #.#


There were no monsters in sight!

Vanquished Creatures
  A black bear (shapeshifter) (D:2)
  3 adders (D:2)
  A leopard gecko (D:1)
  3 giant cockroaches (D:1)
  4 goblins
  3 hobgoblins
  6 bats (D:1)
  2 frilled lizards (D:2)
  5 kobolds
  4 rats
32 creatures vanquished.

Notes
Turn   | Place    | Note
-------+----------+-------------------------------------------
     0 | D:1      | BorisKarlOrff the Minotaur Chaos Knight began the quest for
                  | the Orb.
     0 | D:1      | Reached XP level 1. HP: 19/19 MP: 0/0
   194 | D:1      | XOM: harmless Summ miscast
   215 | D:1      | Reached skill level 4 in Fighting
   217 | D:1      | XOM: divination: magic mapping
   254 | D:1      | Reached XP level 2. HP: 27/27 MP: 1/1
   291 | D:1      | XOM: blink monster(s)
   511 | D:1      | XOM: silly message
   679 | D:1      | Found a glowing golden altar of the Shining One.
   776 | D:2      | Reached XP level 3. HP: 17/34 MP: 2/2
   838 | D:2      | Reached skill level 5 in Fighting
   872 | D:2      | Noticed a shapeshifter
   872 | D:2      | a giant cockroach changed into a shapeshifter
   872 | D:2      | Noticed a black bear
   872 | D:2      | a shapeshifter changed into a black bear
   878 | D:2      | Killed a black bear
   878 | D:2      | Reached XP level 4. HP: 15/42 MP: 3/3
   878 | D:2      | Reached XP level 5. HP: 17/48 MP: 4/4
   917 | D:2      | XOM: summons 1 hostile demon
   918 | D:2      | Noticed a smoke demon
   926 | D:2      | Killed from afar by a smoke demon

Skill      XL: |  1  2  3 |
---------------+----------+-----
Fighting       | 4 5 |  5.5
Polearms       | 4 |  4.9
Armour         | 3 |  3.1
Dodging        | |  1.5
Stealth        | |  0.5

Action                   |  1- 3 |  4- 6 || total
-------------------------+-------+-------++-------
Melee: Spear             |    58 |     4 ||    62
       Headbutt          |    11 |     1 ||    12
  Use: Potion            |       |     1 ||     1
 Stab: Paralysed         |     2 |       ||     2
  Eat: Ration            |     1 |       ||     1
Armor: Leather armour    |    15 |     1 ||    16
Dodge: Dodged            |    29 |     6 ||    35
Block: Other             |     2 |       ||     2
